 Dungeon Crawl Stone Soup version 0.29.1-12-g30fa7ad0bf (webtiles) character file.

Game seed: 9753034381392820153

726 GeoRichter the Firebug (level 7, 0/46 HPs)
             Began as a Demonspawn Fire Elementalist on Dec 19, 2022.
             Slain by a lemure (4 damage)
             ... led by Pikel
             ... on level 4 of the Dungeon.
             The game lasted 00:10:06 (4629 turns).

GeoRichter the Firebug (DsFE)                       Turns: 4629, Time: 00:10:06

Health: 0/46       AC:  4    Str:  6    XL:     7   Next: 44%
Magic:  7/12       EV: 14    Int: 18    God:
Gold:   203        SH:  0    Dex: 17    Spells: 1/13 levels left

rFire   . . .      SeeInvis .   k - +0 dagger (speed)
rCold   . . .      Faith    .   (no shield)
rNeg    . . .      Spirit   .   q - +1 robe of Supple Strength {Harm rPois Str-3 Dex+4}
rPois   +          Reflect  .   (no helmet)
rElec   .          Harm     +   e - +0 cloak
rCorr   .          Rampage  .   (no gloves)
Will    .....                   (no boots)
Stlth   ++........              (no amulet)
HPRegen 0.15/turn               (no ring)
MPRegen 0.13/turn               (no ring)

@: about to teleport
A: repulsion field 1, powered by pain 1, spiny 1
a: no special abilities


You were on level 4 of the Dungeon.
You visited 1 branch of the dungeon, and saw 4 of its levels.
You also visited: Ossuary.

You collected 243 gold pieces.
You spent 40 gold pieces at shops.

Inventory:

Hand Weapons
 k - a +0 dagger of speed (weapon)
   (You took it off a goblin on level 1 of the Dungeon)
Missiles
 d - 2 boomerangs
 p - a throwing net {!f}
Armour
 a - a +0 robe
 e - a +0 cloak (worn)
   (You found it on level 1 of the Dungeon)
 q - the +1 robe of Supple Strength (worn) {Harm rPois Str-3 Dex+4}
   (You found it on level 2 of the Dungeon)

   Str:       It affects your strength (-3).
   Dex:       It affects your dexterity (+4).
   rPois:     It protects you from poison.
   Harm:      It increases damage dealt and taken.
Wands
 x - a wand of polymorph (6)
   (You took it off Ijyb on level 4 of the Dungeon)
Scrolls
 b - a scroll of enchant weapon {unknown}
 g - 3 scrolls of identify {@r1}
 h - 2 scrolls of noise {unknown}
 l - a scroll of silence {unknown}
 n - a scroll of vulnerability {unknown}
 s - a scroll of magic mapping {unknown}
 t - 2 scrolls of enchant armour {unknown}
 y - a scroll of amnesia {unknown}
Potions
 c - 2 potions of mutation {!q}
 f - 5 potions of brilliance
 i - 2 potions of flight
 m - a potion of haste {unknown}
 o - 5 potions of curing {@q1}
 r - a potion of invisibility
 u - a potion of lignification {unknown}
 z - 4 potions of magic
 A - a potion of heal wounds {unknown}
 B - 2 potions of might {unknown}


   Skills:
 - Level 1.7 Dodging
 - Level 1.7 Stealth
 + Level 3.9 Spellcasting
 * Level 5.2 Conjurations
 * Level 5.3 Fire Magic


You had one spell level left.
You knew the following spells:

 Your Spells              Type           Power      Damage    Failure   Level
a - Foxfire               Conj/Fire      88%        2x1d8     1%          1
b - Scorch                Fire           44%        2d7       2%          2
c - Flame Wave            Conj/Fire      22%        2d8       17%         4
d - Fireball              Conj/Fire      11%        3d7       43%         5

Your spell library contained the following spells:

 Spells                   Type           Power      Damage    Failure   Level
 Apportation              Tloc           6%         N/A       16%         1
 Necrotise                Necr           12%        1d4       16%         1
 Summon Small Mammal      Summ           12%        N/A       16%         1
 Conjure Flame            Conj/Fire      22%        6-21      4%          3
 Inner Flame              Hex/Fire       13%        N/A       16%         3
 Ensorcelled Hibernation  Hex/Ice        6%         N/A       22%         2
 Call Canine Familiar     Summ           3%         N/A       41%         3
 Spider Form              Tmut/Pois      3%         N/A       41%         3
 Summon Guardian Golem    Hex/Summ       3%         N/A       41%         3
 Vampiric Draining        Necr           3%         2d6       41%         3
 Iskenderun's Battlesphe  Conj           22%        2d8       43%         5
 Anguish                  Hex/Necr       1%         N/A       83%         4
 Agony                    Necr           3%         N/A       99%         5
 Alistair's Intoxication  Tmut/Pois      2%         N/A       99%         5
 Conjure Ball Lightning   Conj/Air       6%         3x3d6     100%        6
 Orb of Destruction       Conj           11%        9d6       100%        7


Dungeon Overview and Level Annotations

Branches:
Dungeon (4/15) Zot: 20078 Ossuary (visited)
 Temple: D:4-7

Altars:
Ashenzari
Hepliaklqana
Kikubaaqudgha

Shops:
D:4 *

Annotations:
D:4 Grinder, Pikel


Innate Abilities, Weirdness & Mutations

You are surrounded by a mild repulsion field. (EV +2)
You sometimes gain a little power by taking damage.
You are partially covered in sharp spines.


Message History

You conjure some foxfire!
The foxfire hits Pikel.
The foxfire hits Pikel but does no damage.
Magic courses through your body.
The foxfire hits Pikel.
The foxfire hits Pikel but does no damage.
You conjure some foxfire!
Pikel barely misses you. The lemure closely misses you.
You conjure some foxfire!
The foxfire hits Pikel.
The foxfire hits Pikel but does no damage.
Pikel hits you with a +1 whip of flaming.
Pikel burns you. The lemure is struck by your spines. The lemure misses you.
You conjure some foxfire!
The foxfire hits Pikel but does no damage.
Pikel barely misses you. The lemure misses you.
You conjure some foxfire!
The foxfire hits Pikel.
The foxfire hits Pikel but does no damage.
Pikel hits you with a +1 whip of flaming.
Pikel burns you.
Flames lash the lemure.
The lemure's fire resistance burns away.
The foxfire hits the lemure but does no damage.
The lemure closely misses you.
Pikel hits you with a +1 whip of flaming!
* * * LOW HITPOINT WARNING * * *
Pikel burns you.
* * * LOW HITPOINT WARNING * * *
You hit the lemure but do no damage. You punch the lemure, but do no damage.
Pikel hits you with a +1 whip of flaming.
* * * LOW HITPOINT WARNING * * *
Pikel burns you.
* * * LOW HITPOINT WARNING * * *
The lemure misses you. The lemure is struck by your spines.
The lemure hits you.
* * * LOW HITPOINT WARNING * * *
You closely miss Pikel. The lemure closely misses you.
Pikel is struck by your spines.
Pikel hits you with a +1 whip of flaming.
* * * LOW HITPOINT WARNING * * *
Pikel burns you.
* * * LOW HITPOINT WARNING * * *
The lemure is struck by your spines. The lemure hits you.
* * * LOW HITPOINT WARNING * * *
Okay, then.
Okay, then.
As you read the scroll labelled GEOCLU LAECRUS, it crumbles to dust.
You feel strangely unstable.
It was a scroll of teleportation.
The lemure is no longer more vulnerable to fire.
Pikel barely misses you. The lemure is struck by your spines.
The lemure barely misses you. The lemure is struck by your spines.
The lemure hits you.
You die...

#..≈#.#...................†......
#...#'#....###.<).......#########
#........[.# #..........#
#..........# #......[)..#
#........>.# #....[.....#
######.##### #..........# #.#
#.....)....# #.# #..5K......# ###
#.# #..@55.<...# )$.. #.##
########.#.##......# #..#
#?..........# ##.######
###5##......# #......# #5#
......# ######.# #.# ......# #.#
#.##......# #.# #5...(....# #.##
###.##$###


You could see Pikel and 3 lemures.

Vanquished Creatures
  A lemure (D:4)
  2 scorpions (D:4)
  5 water moccasin zombies (Ossuary)
  An orc priest (D:4)
  Ijyb (D:4)
  An orc wizard (D:2)
  2 mummies (Ossuary)
  5 gnolls
  4 adders
  2 ufetubi (D:4)
  5 adder zombies (Ossuary)
  4 worms (D:2)
  A dart slug (D:3)
  6 orcs
  3 endoplasms
  A giant cockroach (D:1)
  6 gnoll zombies (Ossuary)
  7 goblins
  10 hobgoblins
  5 jackals
  6 kobolds
  6 quokkas
  11 ball pythons
  7 bats
  2 frilled lizards
  5 hobgoblin zombies (Ossuary)
  8 kobold zombies (Ossuary)
  9 orc zombies (Ossuary)
  7 rats
133 creatures vanquished.

Vanquished Creatures (others)
  362 foxfires
362 creatures vanquished.

Grand Total: 495 creatures vanquished

Notes
Turn   | Place    | Note
-------+----------+-------------------------------------------
     0 | D:1      | GeoRichter the Demonspawn Fire Elementalist began the quest
                  | for the Orb.
     0 | D:1      | Reached XP level 1. HP: 13/13 MP: 3/3
   194 | D:1      | Gained mutation: You are partially covered in sharp spines.
                  | [demonic ancestry]
   194 | D:1      | Reached XP level 2. HP: 9/19 MP: 3/5
   521 | D:1      | Found a faded altar of an unknown god.
   679 | D:1      | Reached XP level 3. HP: 24/24 MP: 1/6
   734 | D:1      | Learned a level 2 spell: Scorch
  1546 | D:2      | Gained mutation: You sometimes gain a little power by
                  | taking damage. [demonic ancestry]
  1546 | D:2      | Reached XP level 4. HP: 30/30 MP: 7/7
  1829 | D:2      | Found an ancient bone altar of Kikubaaqudgha.
  2090 | D:2      | Identified the +1 robe of Supple Strength {Harm rPois Str-3
                  | Dex+4}
  2163 | D:2      | Reached XP level 5. HP: 35/35 MP: 5/9
  2635 | D:3      | Learned a level 4 spell: Flame Wave
  2968 | D:3      | Found a hazy altar of Hepliaklqana.
  2968 | D:3      | Found a broken altar of Ashenzari.
  3281 | D:4      | Noticed Ijyb
  3293 | D:4      | Killed Ijyb
  3380 | D:4      | Reached XP level 6. HP: 36/41 MP: 8/10
  3400 | D:4      | Found Zoru's General Store.
  3411 | D:4      | Bought a scroll of fear for 40 gold pieces
  3456 | D:4      | Found a sand-covered staircase.
  3461 | Ossuary  | Entered an ossuary
  3763 | Ossuary  | Gained mutation: You are surrounded by a mild repulsion
                  | field. (EV +2) [demonic ancestry]
  3763 | Ossuary  | Reached XP level 7. HP: 44/46 MP: 3/12
  3866 | Ossuary  | Reached skill level 5 in Fire Magic
  4062 | Ossuary  | Reached skill level 5 in Conjurations
  4152 | Ossuary  | Learned a level 5 spell: Fireball
  4155 | D:4      | Noticed Pikel
  4174 | D:4      | Noticed Grinder
  4629 | D:4      | Slain by a lemure

Illustrated notes

Levels and vault maps discovered:
D:1:      amcnicky_arrival_underground_garden, layout_basic,
          nicolae_ecumenical_snake_handling, minmay_split_cup_large
D:2:      layout_rooms, basic_altar, minmay_fractal_squares_5
D:3:      layout_loops_ring, nicolae_overflow_hidden_temple, item_on_display_a
D:4:      layout_rooms, serial_shops, nicolae_shop_hallway_plus,
          enter_ossuary_2, st_stairs_6, uniq_ijyb, uniq_pikel, uniq_grinder

Skill      XL: |  1  2  3  4  5  6  7 |
---------------+----------------------+-----
Conjurations   | 2 3 4 5 |  5.2
Fire Magic     | 3 4 5 |  5.3
Spellcasting   | 3 |  3.9
Dodging        | |  1.7
Stealth        | |  1.7

Action                   |  1- 3 |  4- 6 |  7- 9 || total
-------------------------+-------+-------+-------++-------
Melee: Dagger            |    19 |    45 |    10 ||    74
       Punch             |       |       |     1 ||     1
 Cast: Foxfire           |    60 |    97 |    61 ||   218
       Scorch            |     8 |    10 |     3 ||    21
  Use: Potion            |     1 |       |     1 ||     2
       Scroll            |       |       |     9 ||     9
 Stab: Sleeping          |       |     1 |       ||     1
Armor: Robe              |     8 |    21 |     3 ||    32
Dodge: Dodged            |     5 |    34 |    22 ||    61
